 Dungeon Crawl Stone Soup version 0.17-a0-2127-g1cb09f6 (console) character file.

19 endege the Skirmisher (level 2, -4/29 HPs)
             Began as a Troll Fighter on Oct 23, 2015.
             Slain by Natasha (8 damage)
             ... on level 2 of the Dungeon.
             The game lasted 00:05:57 (893 turns).

endege the Skirmisher (Troll Fighter)                Turns: 893, Time: 00:05:57

Health: -4/29      AC:  5    Str: 29 (30) XL:     2   Next: 55%
Magic:  1/1        EV:  8    Int:  3 (4)  God:
Gold:   95         SH:  9    Dex: 10 (11) Spells: 0 memorised, 1 level left

rFire  . . .     SeeInvis .     a - +1 flail
rCold  . . .     Clarity  .     i - +0 robe
rNeg   . . .     SustAt   .     c - +0 shield
rPois  .         Gourm    +     (helmet restricted)
rElec  .         Spirit   .     (no cloak)
rCorr  .         Warding  .     (gloves unavailable)
rMut   .         Stasis   .     (boots unavailable)
MR     .....                    (no amulet)
Stlth  +.........               (no ring)
                                (no ring)

@: mighty, not resistant to hostile enchantments, very unstealthy
A: unfitting armour, claws 3, agile 1, deterioration 1, fast metabolism 3,
gourmand, regeneration 2, shaggy fur 1, strong 1, tough skin 2
a: no special abilities


You were on level 2 of the Dungeon.
You were hungry.

You visited 1 branch of the dungeon, and saw 2 of its levels.

You collected 95 gold pieces.

Inventory:

Hand Weapons
 a - a +1 flail (weapon)
Armour
 b - a +0 robe
 c - a +0 shield (worn)
 i - a +0 robe (worn)
Scrolls
 g - a scroll of noise
 j - a scroll of identify
Potions
 k - 2 potions of degeneration
Comestibles
 e - 2 bread rations


   Skills:
 + Level 2.8 Fighting
 + Level 1.9 Maces & Flails
 + Level 2.6 Dodging
 + Level 2.5 Shields


You had one spell level left.
You didn't know any spells.

Dungeon Overview and Level Annotations

Branches:
Dungeon (2/15)

Altars:

Annotations:
D:2 Natasha


Innate Abilities, Weirdness & Mutations

You are too large for most types of armour.
You have claws for hands.
Your metabolism is lightning-fast.
You like to eat raw meat.
You heal very quickly.
You are covered in fur (AC +1).
You have very tough skin (AC +2).
You are agile. (Dex +2)
Your body sometimes deteriorates upon taking damage.
Your muscles are strong. (Str +2)


Message History

Your body deteriorates!
You feel clumsy. The white imp gestures at you. The puff of frost hits you!
* * * LOW HITPOINT WARNING * * *
Your body deteriorates!
You feel dopey.
Read which item? (? for menu, Esc to quit)
As you read the scroll of remove curse, it crumbles to dust.
You feel as if something is helping you.
The white imp closely misses you.
You closely miss the white imp.
The white imp is lightly wounded.
You block the white imp's attack.
You barely miss the white imp.
The white imp is lightly wounded.
The white imp disappears in a puff of smoke!
Natasha barely misses you.
Drink which item? (? for menu, Esc to quit)
You feel very mighty all of a sudden. Natasha claws you!
You die...

8.8.8.8)##.#.#
#()#.#.# #
#...(..#.#
####.#.#.#.#
##...g......#
#...5#......#
#..#5#...#..# ##
#..#h#......# #.
#..#@#.#>#..#
#.####..#.#.#.#..#
#.......#.#...#
...
#....##.#.#...#
####
+.......#.#.#.#
#.........#.#.#
#.....#####.#.#
#.....# #.# #
###...# #..


You could see Natasha, a crimson imp, a white imp and a hobgoblin.

Vanquished Creatures
  2 ball pythons (D:1)
  2 hobgoblins (D:1)
  4 bats (D:1)
  6 goblins
  2 kobolds (D:1)
  3 rats (D:1)
19 creatures vanquished.

Notes
Turn   | Place    | Note
--------------------------------------------------------------
     0 | D:1      | endege the Troll Fighter began the quest for the Orb.
     0 | D:1      | Reached XP level 1. HP: 22/22 MP: 0/0
   156 | D:1      | Reached XP level 2. HP: 29/29 MP: 1/1
   801 | D:2      | Gained mutation: You are agile. (Dex +2) [potion of mutation]
   801 | D:2      | Gained mutation: Your muscles are strong. (Str +2) [potion of mutation]
   801 | D:2      | Gained mutation: Your body sometimes deteriorates upon taking damage. [potion of mutation]
   862 | D:2      | Noticed Natasha
   893 | D:2      | Slain by Natasha

Vault maps used:
D:1:      tarquinn_simple_flora_water_a, serial_glass, glass_columns_b,
          glass_columns_c
D:2:      kennysheep_the_goblin_king, patterned_corridor, uniq_natasha

Action                   || total
-------------------------++-------
Melee: Flail             ||    58
  Use: Scroll            ||     7
       Potion            ||     5
  Eat: Chunk             ||     5
